Map: Stranded Isles

Players

HyperXSylar

  • Race: Zerg Zerg
  • League: Diamond
  • Spawn Location: 12:00

Mirage

  • Race: Protoss Protoss
  • League: Diamond
  • Spawn Location: 12:00

KingSword

  • Race: Protoss Protoss
  • League: Silver
  • Spawn Location: 9:00

Throwfordays - Winner!

  • Race: Protoss Protoss
  • League: Silver
  • Spawn Location: 6:00

Cthulhu - Winner!

  • Race: Terran Terran
  • Spawn Location: 6:00

Faust - Winner!

  • Race: Zerg Zerg
  • League: Diamond
  • Spawn Location: 3:00

VOD

Have the link to the VOD?

Description

Time

  • Played on: March 25, 2019, 12:14 a.m.
  • Length: 16:44
Show
View Real Time Build Order
Export as new Build Order

HyperXSylar Zerg 

Build Orders: Hatch First 

Get SALT Encoding   

  12  0:01  Drone  
  13  0:13  Overlord  
  13  0:18  Drone  
  14  0:33  Drone x2  
  16  0:35  Drone  
  17  0:59  Drone  
  17  1:01  Drone  
  17  1:03  Hatchery  
  18  1:07  Drone  
  19  1:13  Extractor  
  18  1:20  Spawning Pool  
  18  1:22  Drone  
  18  1:41  Drone x2  
  20  1:50  Overlord  
  20  2:09  Queen  
  20  2:15  Zergling x4  
  24  2:18  Hatchery  
  24  2:21  Metabolic Boost  
  23  2:30  Queen  
  25  2:41  Drone x2  
  27  2:47  Extractor  
  26  2:52  Roach Warren  
  26  2:54  Drone  
  26  2:57  Drone  
  27  3:16  Drone x6  
  33  3:24  Drone x2  
  33  3:26  Drone  
  36  3:31  Drone  
  37  3:40  Zergling x2  
  37  3:41  Zergling x4  
  38  3:59  Queen  
  34  4:12  Roach  
  34  4:13  Roach x3  
  42  4:23  Spine Crawler  
  41  4:26  Queen, Extractor  
  42  4:38  Lair  
  42  4:43  Overlord x2  
  42  5:00  Queen  
  42  5:02  Burrow  
  44  5:17  Roach x7  
  44  5:19  Overlord  
  58  5:22  Overlord  
  58  5:25  Overlord  
  58  5:55  Glial Reconstitution  
  58  6:09  Roach x6  
  58  6:10  Roach x5  
  80  6:14  Overlord  
  80  6:19  Overlord  
  80  6:25  Overlord  
  80  6:53  Roach x22  
  80  7:17  Spore Crawler  
  80  7:21  Spore Crawler x2  
  80  7:22  Spore Crawler  
  76  7:26  Drone, Spire  
  76  7:27  Drone x13  
  81  8:06  Zergling x2  
  81  8:07  Zergling x4, Roach x4  
  92  8:19  Roach x5  
  60  8:47  Drone  
  60  8:48  Drone x6  
  61  8:49  Drone x2  
  65  8:56  Drone x3  
  65  8:57  Drone x6  
  74  9:03  Evolution Chamber x2  
  74  9:07  Roach x3  
  78  9:38  Mutalisk x6  
  78  9:41  Overlord x5  
  90  9:54  Spore Crawler x2  
  88  10:02  Lair  
  74  10:32  Spawning Pool  
  74  10:35  Extractor  
  69  10:38  Extractor  
  68  10:44  Extractor  
  66  11:13  Hydralisk Den  
  59  11:21  Evolution Chamber  
  59  11:23  Evolution Chamber  
  49  11:46  Grooved Spines  
  49  11:47  Zerg Missile Weapons Level 1  
  49  11:49  Zerg Ground Armor Level 1  
  49  11:50  Hydralisk x2  
  49  11:51  Hydralisk  
  49  11:52  Zergling x2  
  49  11:53  Zergling x42  
  76  12:26  Hatchery  
  73  12:41  Hatchery  
  72  12:49  Hydralisk  
  72  12:50  Hydralisk x11  
  96  12:52  Zergling x4  
  96  12:57  Muscular Augments  
  90  13:13  Hydralisk  
  90  13:14  Hydralisk x4  
  86  13:24  Hydralisk  
  86  13:25  Hydralisk x2  
  92  13:37  Drone x5  
  97  13:56  Drone x6  
  97  14:00  Extractor  
  97  14:02  Extractor, Drone  
  102  14:04  Queen  
  102  14:06  Queen  
  102  14:08  Drone x3  
  107  14:29  Hydralisk x6  
  119  14:35  Overlord x5  
  119  14:37  Pneumatized Carapace  
  119  15:09  Hydralisk  
  119  15:10  Hydralisk x6  
  117  15:54  Hydralisk x10  
Show
View Real Time Build Order
Export as new Build Order

Mirage Protoss 

Build Orders: 1 Gate Expand 

Get SALT Encoding   

  12  0:01  Probe  
  13  0:13  Probe  
  14  0:21  Pylon  
  14  0:25  Probe  
  15  0:39  Probe  
  16  0:46  Gateway  
  16  0:48  Probe  
  16  0:53  Assimilator  
  16  0:56  Probe  
  18  1:06  Probe  
  19  1:17  Gateway  
  19  1:34  Cybernetics Core  
  19  1:44  Nexus  
  19  1:48  Probe  
  19  1:56  Assimilator  
  19  2:00  Probe  
  19  2:01  Stalker  
  20  2:15  Warp Gate  
  22  2:19  Pylon  
  22  2:27  Probe  
  23  2:39  Probe  
  24  2:51  Probe  
  24  2:56  Stargate  
  24  2:58  Probe  
  26  3:03  Probe  
  27  3:10  Probe  
  28  3:15  Probe  
  27  3:22  Probe  
  27  3:25  Stargate  
  27  3:27  Assimilator  
  28  3:28  Assimilator, Probe  
  29  3:34  Probe  
  29  3:40  Probe  
  31  3:44  Pylon  
  31  3:46  Probe  
  31  3:47  Pylon  
  32  3:52  Probe  
  33  3:58  Probe  
  34  4:04  Probe  
  35  4:10  Probe  
  35  4:13  Stargate  
  35  4:16  Pylon, Stalker, Probe  
  39  4:22  Probe  
  39  4:23  Protoss Air Weapons Level 1  
  40  4:28  Probe  
  41  4:34  Probe  
  41  4:38  Void Ray  
  46  4:40  Probe  
  47  4:50  Nexus, Probe  
  47  4:52  Probe  
  49  4:53  Void Ray  
  53  5:07  Probe x2  
  54  5:14  Void Ray  
  55  5:17  Assimilator  
  55  5:19  Probe x2  
  57  5:21  Assimilator  
  61  5:31  Probe  
  61  5:33  Stargate  
  62  5:35  Stargate  
  62  5:46  Cybernetics Core  
  62  5:50  Pylon, Probe x2  
  62  5:53  Pylon  
  64  6:00  Void Ray  
  64  6:03  Probe  
  64  6:04  Probe x2  
  71  6:15  Probe  
  71  6:16  Probe x2  
  71  6:18  Void Ray  
  74  6:28  Probe x3  
  74  6:31  Void Ray  
  85  6:40  Probe x3  
  85  6:42  Void Ray  
  92  6:52  Probe x3  
  95  6:58  Void Ray  
  99  7:04  Probe x2  
  101  7:20  Pylon  
  101  7:22  Pylon  
  101  7:25  Pylon  
  101  7:26  Pylon  
  101  7:27  Protoss Air Armor Level 1  
  101  7:28  Pylon  
  101  7:30  Pylon  
  101  7:38  Void Ray, Probe  
  102  7:45  Fleet Beacon  
  86  7:51  Phoenix  
  86  7:52  Phoenix x3  
  86  7:57  Probe x3  
  93  8:05  Gateway  
  93  8:07  Gateway  
  93  8:09  Gateway  
  93  8:11  Gateway  
  89  8:14  Gateway  
  89  8:16  Phoenix  
  89  8:17  Gateway, Phoenix  
  89  8:18  Gateway  
  93  8:22  Phoenix  
  93  8:23  Gateway, Phoenix  
  93  8:37  Phoenix  
  93  8:41  Phoenix x2  
  97  8:48  Phoenix x2  
  99  9:10  Phoenix x3  
  105  9:23  Protoss Air Weapons Level 2  
  105  9:24  Nexus  
  105  9:26  Pylon  
  105  9:29  Pylon  
  105  9:30  Anion Pulse-Crystals  
  97  9:44  Assimilator  
  87  9:46  Assimilator  
  87  9:50  Pylon, Phoenix  
  87  9:51  Pylon  
  83  9:53  Pylon  
  83  10:01  Phoenix  
  83  10:02  Phoenix  
  87  10:16  Phoenix x3  
  93  10:31  Phoenix x2  
  93  10:34  Zealot  
  93  10:35  Zealot x4  
  105  10:36  Zealot x5  
  117  10:43  Probe  
  117  10:44  Probe x2  
  99  11:11  Phoenix x4  
  93  11:12  Phoenix  
  93  11:18  Nexus  
  97  11:36  Phoenix x5  
  103  11:45  Pylon  
  99  11:47  Pylon  
  99  11:49  Protoss Air Weapons Level 3  
  99  11:50  Pylon  
  99  11:52  Pylon  
  99  11:53  Forge  
  91  11:55  Forge  
  85  12:05  Cybernetics Core  
  83  12:14  Tempest x2  
  93  12:18  Zealot x5  
  93  12:19  Zealot x2  
  93  12:21  Probe  
  95  12:33  Probe  
  95  12:35  Probe  
  96  12:38  Probe  
  96  12:41  Protoss Air Armor Level 2  
  89  12:45  Probe  
  89  12:47  Probe  
  89  12:50  Probe  
  90  12:54  Pylon  
  90  12:57  Probe  
  85  12:59  Probe  
  85  13:02  Probe  
  85  13:05  Stalker x2  
  83  13:11  Probe  
  84  13:14  Tempest  
  89  13:22  Probe  
  89  13:23  Probe  
  91  13:30  Probe  
  91  13:31  Probe  
  91  13:32  Probe  
  79  13:35  Tempest, Probe  
  79  13:40  Probe  
  81  13:43  Probe  
  81  13:44  Probe  
  89  13:52  Assimilator, Probe  
  90  14:04  Probe  
  91  14:22  Tempest  
  91  14:23  Tempest  
  101  14:25  Nexus  
  101  14:28  Assimilator  
  101  14:32  Assimilator  
  101  14:39  Carrier x2  
  108  15:12  Stalker x3  
  108  15:13  Stalker x3  
  108  15:14  Stalker x3  
  108  15:15  Stalker x4  
  92  15:30  Void Ray x2  
  94  15:41  Stalker  
  94  15:42  Stalker x2  
  89  15:58  Stalker x2  
  89  15:59  Stalker  
Show
View Real Time Build Order
Export as new Build Order

KingSword Protoss 

Build Orders:  

Get SALT Encoding   

  12  0:01  Probe  
  13  0:19  Probe  
  14  0:30  Pylon  
  14  0:31  Probe  
  15  1:03  Gateway  
  15  1:13  Assimilator, Pylon  
  15  1:14  Probe  
  16  1:26  Probe  
  16  1:27  Gateway  
  17  1:52  Cybernetics Core  
  19  1:54  Zealot  
  19  1:57  Probe  
  20  2:01  Assimilator  
  20  2:09  Probe  
  21  2:20  Zealot  
  21  2:21  Probe  
  24  2:33  Probe  
  25  2:38  Warp Gate  
  25  2:49  Twilight Council  
  25  3:20  Probe  
  25  3:23  Charge  
  26  3:30  Robotics Facility  
  26  3:32  Probe  
  27  3:35  Gateway  
  27  3:41  Shield Battery  
  27  3:46  Zealot x2  
  31  4:20  Pylon  
  31  4:39  Forge  
  31  4:45  Immortal  
  35  5:03  Robotics Bay  
  35  5:08  Pylon  
  35  5:18  Gateway  
  35  5:20  Pylon  
  35  5:23  Protoss Ground Weapons Level 1  
  35  5:30  Pylon  
  35  5:43  Observer  
  36  5:57  Zealot  
  36  5:58  Zealot x2  
  42  6:04  Observer  
  22  8:10  Zealot x2  
  22  8:11  Zealot x2  
  27  8:22  Colossus  
  31  8:36  Stalker  
  31  8:37  Stalker  
  35  8:55  Nexus  
  35  9:04  Extended Thermal Lance  
  35  9:33  Probe  
  35  9:37  Protoss Ground Armor Level 1  
  36  9:39  Assimilator  
  36  9:45  Probe  
  37  9:56  Stalker x3  
  37  9:57  Stalker, Probe  
  46  10:06  Blink  
  46  10:11  Probe  
  47  10:24  Probe  
  48  10:36  Probe  
  33  11:32  Assimilator, Protoss Shields Level 1  
  23  11:33  Probe  
  23  11:35  Stalker x3  
  23  11:36  Stalker  
  28  11:45  Probe  
  29  11:53  Probe  
  29  12:01  Probe  
  30  12:06  Stalker  
  30  12:07  Stalker  
  33  13:27  Probe  
  34  13:40  Probe  
  35  13:43  Assimilator  
  35  13:49  Probe  
  36  13:57  Probe  
  37  14:06  Probe  
  37  14:08  Stargate  
  37  14:09  Stargate  
  38  14:15  Stargate  
  38  14:16  Probe  
  38  14:17  Photon Cannon  
  39  14:24  Probe  
  40  14:32  Probe  
  41  14:44  Probe  
  42  15:12  Phoenix x2  
  42  15:13  Phoenix  
  34  16:00  Phoenix x2  
  40  16:05  Stalker x4  
Show
View Real Time Build Order
Export as new Build Order

Throwfordays Protoss - Winner!

Build Orders: Nexus First 

Get SALT Encoding   

  12  0:01  Probe  
  13  0:14  Probe  
  14  0:26  Probe  
  15  0:47  Nexus  
  15  0:55  Pylon  
  15  1:11  Assimilator, Probe  
  15  1:16  Gateway  
  16  1:19  Probe  
  17  1:28  Probe  
  18  1:39  Forge  
  18  1:40  Probe  
  19  1:51  Pylon  
  19  1:52  Probe  
  20  1:57  Probe  
  20  2:01  Pylon  
  21  2:05  Probe  
  21  2:14  Cybernetics Core  
  21  2:15  Probe  
  22  2:21  Pylon  
  23  2:26  Assimilator  
  23  2:29  Probe  
  24  2:30  Warp Gate  
  24  2:41  Probe  
  25  2:47  Probe  
  26  2:53  Probe  
  27  2:59  Photon Cannon, Probe  
  27  3:05  Probe  
  29  3:11  Photon Cannon, Probe  
  30  3:17  Probe  
  31  3:20  Photon Cannon  
  31  3:23  Photon Cannon  
  31  3:27  Probe  
  31  3:29  Photon Cannon  
  32  3:35  Probe  
  33  3:44  Probe  
  33  3:45  Probe  
  35  3:57  Photon Cannon, Probe  
  35  4:02  Photon Cannon  
  36  4:06  Photon Cannon  
  36  4:09  Probe  
  37  4:11  Assimilator  
  37  4:16  Assimilator  
  37  4:21  Probe  
  38  4:33  Probe  
  38  4:34  Nexus  
  38  4:36  Pylon  
  39  4:39  Assimilator  
  39  4:43  Assimilator  
  39  4:44  Protoss Shields Level 1  
  39  4:46  Pylon, Probe  
  39  4:52  Probe  
  41  4:58  Protoss Air Weapons Level 1  
  41  5:00  Probe  
  41  5:04  Probe  
  43  5:10  Pylon  
  43  5:12  Probe  
  44  5:16  Probe  
  44  5:17  Pylon  
  45  5:23  Pylon  
  45  5:30  Pylon  
  45  5:33  Pylon  
  45  5:39  Stargate  
  45  5:42  Cybernetics Core  
  45  5:44  Twilight Council  
  45  5:50  Stargate  
  45  5:52  Stargate  
  45  5:55  Stargate  
  45  5:57  Stargate, Probe  
  45  5:58  Probe  
  45  6:04  Probe  
  47  6:05  Probe  
  47  6:06  Probe  
  50  6:12  Probe  
  50  6:14  Probe  
  50  6:16  Probe  
  53  6:19  Protoss Air Armor Level 1  
  53  6:21  Probe  
  53  6:24  Fleet Beacon  
  54  6:27  Probe  
  55  6:33  Probe  
  55  6:35  Probe  
  55  6:36  Void Ray  
  57  6:40  Void Ray  
  57  6:43  Probe  
  57  6:45  Probe  
  63  6:48  Void Ray  
  67  6:56  Probe  
  72  7:08  Probe  
  73  7:15  Void Ray  
  73  7:16  Void Ray  
  81  7:22  Void Ray  
  85  7:40  Void Ray x2  
  93  7:59  Void Ray  
  93  8:00  Void Ray  
  101  8:18  Probe  
  102  8:24  Protoss Shields Level 2  
  102  8:30  Probe  
  103  8:42  Probe  
  103  8:43  Protoss Air Weapons Level 2  
  103  8:44  Protoss Air Armor Level 2  
  104  8:56  Void Ray x2  
  112  9:22  Nexus  
  112  9:24  Assimilator  
  112  9:30  Assimilator  
  112  9:32  Pylon  
  112  9:35  Pylon  
  112  10:32  Protoss Shields Level 3  
  112  10:55  Protoss Air Weapons Level 3  
  112  10:59  Void Ray x4  
  112  11:00  Void Ray  
  124  11:42  Void Ray x5, Probe  
  145  11:54  Probe  
  145  12:06  Assimilator, Probe  
  146  12:18  Probe  
  148  12:22  Probe  
  148  12:30  Probe  
  148  12:31  Void Ray x3  
  148  12:34  Probe  
  148  12:35  Protoss Air Armor Level 3  
  162  12:44  Pylon  
  162  12:45  Pylon  
  162  12:56  Probe  
  163  13:01  Void Ray x2  
  171  13:08  Probe  
  170  13:20  Probe  
  171  13:52  Pylon  
  171  13:53  Pylon  
  171  13:56  Pylon  
  171  13:57  Void Ray  
  171  13:58  Void Ray  
  171  13:59  Pylon  
  171  14:01  Pylon  
  179  14:04  Photon Cannon  
  177  14:10  Void Ray x2  
  177  14:11  Photon Cannon  
  177  14:15  Photon Cannon  
  177  14:16  Probe  
  186  14:18  Photon Cannon  
  186  14:19  Probe  
  187  14:28  Probe  
  188  14:31  Probe  
Show
View Real Time Build Order
Export as new Build Order

Cthulhu Terran - Winner!

Build Orders: Command Center First (CC) 

Get SALT Encoding   

  12  0:01  SCV  
  13  0:13  SCV  
  14  0:25  SCV  
  15  0:29  Supply Depot  
  15  0:51  SCV  
  16  0:59  Command Center  
  16  1:11  Barracks  
  16  1:15  SCV  
  18  1:40  SCV  
  18  1:43  Refinery  
  18  1:55  Refinery  
  18  2:00  Orbital Command  
  18  2:01  Marine  
  19  2:14  Orbital Command  
  19  2:20  Marine  
  20  2:30  SCV  
  20  2:36  Engineering Bay  
  21  2:41  Supply Depot  
  21  2:44  SCV  
  21  2:46  Supply Depot  
  22  3:09  Marine  
  23  3:20  SCV  
  23  3:22  SCV  
  23  3:24  Factory  
  24  3:29  Refinery  
  24  3:32  SCV  
  24  3:34  Refinery  
  25  3:35  Marine  
  25  3:36  SCV  
  27  3:56  Marine, SCV x2, Bunker  
  30  4:08  Starport  
  30  4:09  Factory Reactor, Starport  
  30  4:13  SCV x2  
  32  4:27  Sensor Tower  
  32  4:33  SCV  
  32  4:34  Marine, SCV  
  35  4:45  Medivac  
  37  4:46  Bunker, Starport Reactor  
  37  4:56  Starport  
  37  4:59  Factory Tech Lab  
  37  5:01  Fusion Core  
  37  5:04  Armory  
  37  5:14  Marine  
  38  5:24  SCV x2  
  40  5:28  Starport Tech Lab  
  40  5:30  Viking x2  
  40  5:33  Starport Tech Lab  
  44  5:45  Armory  
  44  5:47  Supply Depot  
  44  5:50  Weapon Refit  
  44  6:06  Command Center  
  44  6:17  SCV  
  44  6:18  SCV  
  46  6:22  Viking x2  
  50  6:44  Battlecruiser  
  56  6:50  SCV x2  
  58  7:02  SCV  
  58  7:24  Battlecruiser  
  58  7:25  Viking  
  58  7:26  Viking  
  68  7:52  Battlecruiser  
  74  8:10  Terran Vehicle And Ship Armor Level 1  
  74  8:11  Terran Ship Weapons Level 1  
  74  8:14  Orbital Command  
  74  8:15  Refinery  
  74  8:18  SCV x2  
  74  8:24  Refinery  
  72  8:30  SCV  
  65  8:38  SCV  
  65  8:40  Battlecruiser  
  65  8:41  Viking  
  72  8:45  Marine, SCV x2  
  71  8:50  SCV  
  72  9:03  Marine  
  72  9:05  Supply Depot, Battlecruiser  
  77  9:38  Viking x2  
  67  10:07  Battlecruiser  
  73  10:30  Battlecruiser  
  73  10:31  Viking x2  
  73  10:35  Terran Ship Weapons Level 2  
  83  10:38  Supply Depot  
  83  10:41  Supply Depot  
  64  11:11  Battlecruiser  
  61  11:28  SCV  
  55  11:34  SCV  
  55  11:35  SCV  
  55  11:40  SCV  
  55  11:46  SCV  
  57  11:47  SCV  
  57  11:49  Terran Vehicle And Ship Armor Level 2  
  39  12:51  SCV x3  
  39  12:53  Viking x2, Battlecruiser x2  
  50  13:08  Marine  
  50  13:09  SCV  
  50  13:10  SCV  
  50  13:12  SCV  
  48  13:22  SCV  
  48  13:24  Siege Tank  
  48  13:26  Marine  
  53  13:28  Viking  
  53  13:29  Viking  
  53  13:31  Bunker  
  57  13:34  Supply Depot  
  57  13:50  SCV x3  
  57  13:51  Command Center  
  60  13:57  Battlecruiser  
  60  14:02  SCV x2  
  67  14:04  Refinery  
  67  14:15  SCV  
  62  14:37  Battlecruiser  
  68  14:39  Viking  
  70  14:53  Command Center  
  70  15:01  Battlecruiser  
  76  15:17  Planetary Fortress  
  76  15:36  SCV x3  
  79  15:44  Refinery  
  79  15:48  SCV  
  80  15:56  SCV  
  81  16:08  SCV  
Show
View Real Time Build Order
Export as new Build Order

Faust Zerg - Winner!

Build Orders: Hatch First 

Get SALT Encoding   

  12  0:02  Drone  
  13  0:11  Drone  
  14  0:16  Extractor, Drone  
  15  0:23  Overlord  
  15  0:41  Drone  
  15  0:42  Drone  
  17  0:54  Hatchery  
  16  0:58  Drone  
  16  1:02  Drone  
  18  1:07  Extractor  
  17  1:18  Spawning Pool  
  16  1:23  Drone  
  17  1:26  Drone  
  18  1:34  Overlord  
  18  1:39  Drone  
  19  2:07  Metabolic Boost  
  19  2:15  Queen  
  19  2:17  Queen  
  19  2:19  Zergling x2  
  19  2:20  Zergling x8  
  28  2:30  Baneling Nest  
  28  2:34  Drone  
  28  2:38  Spore Crawler  
  28  2:40  Drone  
  28  2:58  Drone x4  
  31  3:02  Overlord  
  32  3:21  Drone x3  
  32  3:22  Drone  
  36  3:27  Overlord  
  36  3:29  Lair  
  36  3:33  Zergling x4  
  38  3:39  Baneling x2  
  33  4:16  Drone  
  34  4:17  Drone  
  34  4:18  Drone x10  
  44  4:36  Hatchery  
  43  4:45  Extractor, Drone x2  
  43  4:46  Extractor, Drone  
  43  4:47  Drone x3, Overlord  
  43  4:52  Extractor  
  46  4:53  Drone x3  
  46  4:56  Spire  
  48  5:03  Drone  
  48  5:04  Drone  
  50  5:22  Drone  
  50  5:23  Drone x8  
  50  5:25  Overlord  
  59  5:32  Overseer  
  59  5:40  Drone  
  59  5:41  Overlord  
  60  5:47  Overlord  
  60  5:48  Drone x2  
  62  5:50  Drone x3  
  62  5:51  Extractor  
  62  5:53  Extractor, Queen  
  66  5:57  Drone x2  
  67  6:07  Pneumatized Carapace  
  67  6:09  Burrow  
  67  6:14  Drone x3  
  67  6:16  Drone x3  
  67  6:17  Overlord x2  
  67  6:18  Overlord x4  
  72  6:41  Mutalisk  
  72  6:42  Mutalisk x6  
  72  6:47  Hatchery, Mutalisk  
  86  6:54  Overlord x2  
  87  7:02  Drone x9  
  93  7:12  Zergling x4  
  93  7:13  Mutalisk x2  
  95  7:22  Mutalisk  
  91  7:23  Mutalisk  
  87  7:30  Mutalisk x2  
  20  8:08  Spire  
  20  8:11  Drone x3  
  20  8:12  Drone x6  
  28  8:36  Drone  
  28  8:37  Drone x3  
  32  8:49  Drone  
  32  8:50  Drone x2  
  32  8:51  Queen  
  32  8:52  Queen  
  32  8:53  Drone  
  32  8:54  Drone  
  41  9:09  Drone x3  
  44  9:10  Drone x2  
  40  9:44  Corruptor  
  34  9:47  Spore Crawler  
  34  9:50  Extractor  
  34  9:51  Extractor  
  31  9:56  Spore Crawler x2, Drone x3  
  31  9:57  Drone x3  
  35  10:05  Drone x2  
  35  10:06  Drone  
  38  10:08  Drone x2  
  38  10:09  Queen, Drone  
  43  10:19  Drone x2  
  43  10:20  Drone  
  46  10:36  Drone x4  
  46  10:37  Drone x3  
  46  10:42  Drone x3  
  56  10:57  Hatchery  
  55  11:16  Drone x4  
  55  11:17  Drone x2  
  61  11:19  Drone x4  
  65  11:35  Mutalisk  
  65  11:36  Mutalisk x13  
  93  11:47  Zerg Flyer Weapons Level 1  
  93  12:13  Drone x3  
  93  12:14  Drone x9  
  106  12:15  Drone  
  106  12:24  Mutalisk x6  
  118  12:31  Spore Crawler  
  118  12:33  Drone x3  
  118  12:34  Extractor, Drone x3  
  118  12:35  Extractor  
  118  12:36  Overlord x2  
  121  12:52  Corruptor  
  121  12:53  Corruptor x4  
  131  13:28  Drone x2  
  131  13:29  Zergling x6  
  131  13:30  Zergling x30  
  151  13:51  Zerg Flyer Weapons Level 2  
  151  13:56  Evolution Chamber x2  
  149  14:14  Mutalisk  
  149  14:15  Mutalisk x8  
  167  14:17  Overlord  
  167  14:18  Hatchery, Overlord x6  
  167  14:22  Extractor  
  165  14:24  Zerg Melee Weapons Level 1  
  165  14:25  Extractor, Zerg Ground Armor Level 1  
  164  14:50  Spire  
  163  15:30  Drone x2  
  163  15:31  Drone x4  
  163  15:33  Queen  
  163  16:13  Mutalisk x3  
  163  16:14  Mutalisk x15  
  198  16:32  Drone  
Tags
 
Add a new tag
Caveats
  • Supply blocks, unpowered buildings, or Contaminate may cause inaccurate times.
  • Supply counts are checked every 10 seconds.